AoeStats
← THL

Arabia

510064084Analyzed
1v1 RM · 3d ago on Sep 29, 2026· 22m 0s· 2 players
Game mode
Random Map
Map size
Tiny (2 player)
Population
200
Speed
Normal
Resources
Standard
Victory
Conquest
Starting age
Dark Age
Ending age
Imperial Age
RankedLock teamsTeams togetherTeam positionsShared explorationLock speedFull tech treeHidden civsTurbo modeCheats
Victory
Defeat
🇻🇳 Vikings · Vietnam
1797
+9
🇨🇳 Franks · China
1644
-9
123
7:00 Loom
7:40 Loom
11:32 Feudal Age
15:01 Castle Age
THL
6:34 Loom
9:06 Feudal Age
9:20 Man-at-Arms
13:30 Fletching
20:48 Castle Age
20:19 Double-Bit Axe
20:51 Crossbowman
21:27 Bodkin Arrow
21:43 Bow Saw
Connection lost

Rejoining the realm…

Still unreachable

The connection could not be restored.

Session expired

The server has moved on; the page needs a fresh start.